 Dungeon Crawl Stone Soup version 0.17-a0-1763-g847a857 (webtiles) character file.

858 KambridgeKobold the Basher (level 8, -1/80 HPs)
             Began as an Ogre Berserker on Sept 4, 2015.
             Was an Elder of Trog.
             Slain by an orc priest
             ... wielding a +0 trident of protection
              (6 damage)
             ... on level 5 of the Dungeon.
             The game lasted 00:13:46 (6252 turns).

KambridgeKobold the Basher (Ogre Berserker)         Turns: 6252, Time: 00:13:47

Health: -1/80      AC:  4    Str: 24    XL:     8   Next: 2%
Magic:  8/8        EV: 11    Int:  7    God:    Trog [****..]
Gold:   422        SH:  0    Dex:  9    Spells: 0 memorised, 7 levels left

rFire  . . .     SeeInvis .     a - +0 flail
rCold  . . .     Clarity  .     b - +0 animal skin
rNeg   . . .     SustAt   .     (no shield)
rPois  .         Gourm    .     (helmet restricted)
rElec  .         Spirit   .     B - +0 cloak
rCorr  .         Warding  .     (gloves unavailable)
rMut   .         Stasis   .     (boots unavailable)
MR     .....                    (no amulet)
Stlth  +.........               (no ring)
                                (no ring)

@: exhausted, slowed, very slow, not resistant to hostile enchantments, very
unstealthy
A: unfitting armour, tough skin 1
a: Burn Spellbooks, Berserk, Trog's Hand, Brothers in Arms, Renounce Religion


You were on level 5 of the Dungeon.
You worshipped Trog.
Trog was greatly pleased with you.
You were near starving.

You visited 1 branch of the dungeon, and saw 5 of its levels.
You also visited: Ossuary.

You collected 422 gold pieces.

Inventory:

Hand weapons
 a - a +0 flail (weapon)
 f - a +1 flail of draining
 r - a +0 mace
 u - a +1 whip of distortion
 J - a +0 giant club
Missiles
 d - 12 silver sling bullets
 e - 170 stones
 D - 4 tomahawks (quivered)
 E - 3 poisoned tomahawks
Armour
 b - a +0 animal skin (worn)
 B - a +0 cloak (worn)
Jewellery
 k - an uncursed amulet of clarity {unknown}
 A - a cursed ring of loudness {unknown}
Magical devices
 v - a wand of confusion (29)
Scrolls
 i - 11 scrolls of identify {unknown}
 m - a scroll of magic mapping
 n - a scroll of fear {unknown}
 p - 2 scrolls of recharging {unknown}
 s - a scroll of remove curse {unknown}
 w - 2 scrolls of teleportation {unknown}
 y - a scroll of fog {unknown}
 C - a scroll of noise {unknown}
 I - a scroll of immolation {unknown}
 O - a scroll of enchant armour {unknown}
Potions
 j - a potion of resistance {unknown}
 o - a potion of flight {unknown}
 q - 3 potions of mutation {unknown}
 t - 5 potions of curing {unknown}
 x - 3 potions of haste {unknown}
 z - 2 potions of brilliance {unknown}
 G - 2 potions of poison {unknown}
 H - 3 potions of degeneration {unknown}
 K - 2 potions of heal wounds {unknown}
 L - a potion of berserk rage {unknown}
 M - a potion of agility {unknown}
 N - a potion of cancellation {unknown}
 P - a potion of beneficial mutation {unknown}
Comestibles
 c - 4 bread rations
 g - a meat ration
 h - 4 fruits
 l - 2 slices of pizza
 F - a royal jelly


   Skills:
 - Level 5.1 Fighting
 * Level 9.9 Maces & Flails
 + Level 5.0 Dodging


You had 7 spell levels left.
You didn't know any spells.

Dungeon Overview and Level Annotations

Branches:
Dungeon (5/15)
 Temple: D:4-7

Altars:
Okawaru
Ru


Innate Abilities, Weirdness & Mutations

You are too large for most types of armour.
You have tough skin (AC +1).


Message History

You hear a splash.
You closely miss the quokka. You bludgeon the quokka!!
You kill the quokka!
Trog accepts your kill.
You are no longer berserk.
You are exhausted.
You feel yourself slow down.
You are near starving!
The orc priest invokes the aid of Beogh against you.
Something smites you!
* * * LOW HITPOINT WARNING * * *
A gnoll comes into view. It is wielding a rapier.
The gnoll shouts!
You hit the gnoll.
The gnoll is severely wounded.
The gnoll hits you with a whip.
* * * LOW HITPOINT WARNING * * *
The orc priest hits you from afar with a trident of protection.
You die...

#..o#*,,,,,****,,,,,**,8,,,8,,,8
##.o.####**)..,...#...#,,,*,,,*,,
.#.......,,,..........##,***,***,
......#*****#.##........,,*,,,*,,
##..o########.......#...8,,,8,,,8
.....o.o..>...#####....g,,,,,,*,,
##...#####.##.#≈≈≈#..#..,,,,,,,*,
###### #.##.#≈≈≈#.....**,,,*,,, #
#....#≈@≈#..#****,****** #
#.#..#)†g#.##,,,,,* #
#.##.#oo≈#.#*,***** #
#.##.##o##.##.# #####
#....ooo......# ....#
**###############********* ###.#
*,,,,,,,,,,,,,*,,,,,**,,,, # *,*
*,*,,,,,,,,**,*,***,**,*** # *,*
*,*,,,,,,,,**,*,*<,,**,*


You could see 2 orc priests, 2 gnolls and 4 orcs.

Vanquished Creatures
  An ogre (D:5)
  A necrophage (D:4)
  A crimson imp (D:5)
  An orc priest (D:4)
  A centaur skeleton (D:4)
  A giant frog skeleton (D:4)
  2 worker ants (D:4)
  2 orc wizards
  8 mummies (Ossuary)
  A worker ant zombie (D:5)
  12 gnolls
  7 adders
  An adder skeleton (D:4)
  8 worms
  15 orcs
  5 giant cockroaches
  2 gnoll zombies (Ossuary)
  14 hobgoblins
  5 jackals
  11 kobolds
  2 quokkas
  10 bats
  A giant gecko skeleton (D:4)
  6 giant newts
  7 goblins
  A hobgoblin zombie (Ossuary)
  4 kobold zombies (Ossuary)
  An orc zombie (Ossuary)
  10 rats
141 creatures vanquished.

Vanquished Creatures (others)
  An ogre (D:4)
1 creature vanquished.

Grand Total: 142 creatures vanquished

Notes
Turn   | Place    | Note
--------------------------------------------------------------
     0 | D:1      | KambridgeKobold the Ogre Berserker began the quest for the Orb.
     0 | D:1      | Reached XP level 1. HP: 24/24 MP: 1/1
   337 | D:1      | Reached XP level 2. HP: 14/32 MP: 2/2
  1011 | D:1      | Reached XP level 3. HP: 26/40 MP: 3/3
  1535 | D:2      | Acquired Trog's second power
  1535 | D:2      | Reached skill level 5 in Fighting
  1535 | D:2      | Reached XP level 4. HP: 48/50 MP: 4/4
  1939 | D:2      | Found a sacrificial altar of Ru.
  2207 | D:2      | Reached skill level 5 in Maces & Flails
  2781 | D:3      | Reached XP level 5. HP: 12/57 MP: 5/5
  3349 | D:3      | Reached skill level 6 in Maces & Flails
  3604 | D:3      | Found an iron altar of Okawaru.
  3920 | D:4      | Noticed a necrophage
  3973 | D:4      | Noticed an ogre
  3983 | D:4      | Banished an ogre
  3983 | D:4      | Reached skill level 7 in Maces & Flails
  3983 | D:4      | Reached XP level 6. HP: 66/66 MP: 6/6
  3998 | D:4      | Killed a necrophage
  4349 | D:4      | Reached skill level 8 in Maces & Flails
  4552 | D:4      | Reached XP level 7. HP: 24/72 MP: 7/7
  5407 | D:5      | Entered Level 5 of the Dungeon
  5706 | D:5      | Acquired Trog's third power
  5706 | D:5      | Reached skill level 9 in Maces & Flails
  5747 | D:5      | Found a sand-covered staircase.
  5757 | Ossuary  | Entered an ossuary
  6245 | D:5      | Reached skill level 5 in Dodging
  6245 | D:5      | Reached XP level 8. HP: 32/80 MP: 8/8
  6252 | D:5      | Slain by an orc priest

Vault maps used:
D:1:      evilmike_arrival_rings
D:2:      lemuel_round_altar
D:3:      okawaru_altar_gauntlet_db
D:5:      nicolae_overflow_crystal_walls, first_bread, gup_sewer_entry_glass,
          nicolae_ossuary_entry_plus, minmay_misc_feat_four_crosses,
          minmay_bad_closet
Ossuary:  ossuary_tomb_3

Action                   |  1- 3 |  4- 6 |  7- 9 || total
-------------------------+-------+-------+-------++-------
Melee: Mace              |   101 |    68 |       ||   169
       Flail             |       |   102 |   129 ||   231
       Whip              |       |    32 |       ||    32
Invok: Berserk           |       |     1 |     3 ||     4
  Use: Scroll            |       |       |     2 ||     2
  Eat: Chunk             |     2 |    11 |     5 ||    18
       Beef jerky        |       |       |     1 ||     1
